 Dungeon Crawl Stone Soup version 0.29.1-12-g30fa7ad0bf (webtiles) character file.

Game seed: 18085550341199539989

21 cheesebisquit the Ruffian (level 2, -2/29 HPs)
             Began as a Troll Berserker on Jan 15, 2023.
             Was a Follower of Trog.
             Killed from afar by Sigmund (6 damage)
             ... with a magic dart
             ... on level 2 of the Dungeon.
             The game lasted 00:03:08 (773 turns).

cheesebisquit the Ruffian (Troll Berserker)          Turns: 773, Time: 00:03:09

Health: -2/29      AC:  4    Str: 24    XL:     2   Next: 62%
Magic:  1/1        EV: 10    Int:  3    God:    Trog [*.....]
Gold:   28         SH:  0    Dex:  9    Spells: 1/1 levels left

rFire   + + .      SeeInvis .     - Unarmed
rCold   . . .      Faith    .   (no shield)
rNeg    . . .      Spirit   .   a - +0 animal skin
rPois   .          Reflect  .   (helmet restricted)
rElec   .          Harm     .   (no cloak)
rCorr   .          Rampage  .   (gloves unavailable)
Will    .....                   (boots unavailable)
Stlth   +.........              (no amulet)
HPRegen 0.89/turn               d - ring of protection from fire
MPRegen 0.07/turn               e - ring of protection from fire

@: no status effects
A: large, unfitting armour, claws 3, regeneration 1, shaggy fur 1, tough skin 1
a: Renounce Religion, Berserk


You were on level 2 of the Dungeon.
You worshipped Trog.
Trog was aware of your devotion.
You visited 1 branch of the dungeon, and saw 2 of its levels.

You collected 28 gold pieces.

Inventory:

Missiles
 g - a throwing net (quivered)
 k - 18 stones
Armour
 a - a +0 animal skin (worn)
Jewellery
 d - a ring of protection from fire (left claw)
 e - a ring of protection from fire (right claw)
Scrolls
 c - a scroll of enchant weapon {unknown}
 f - 2 scrolls of identify {unknown}
 h - a scroll of poison {unknown}
 j - a scroll of blinking {unknown}
 m - a scroll of immolation {unknown}
Potions
 b - a potion of curing {unknown}
 i - 2 potions of lignification {unknown}
 l - a potion of resistance {unknown}


   Skills:
 + Level 2.9 Fighting
 - Level 2.4 Dodging
 + Level 3.5 Unarmed Combat


You had one spell level left.
You didn't know any spells.
Your spell library was empty.

Dungeon Overview and Level Annotations

Branches:
Dungeon (2/15)

Altars:

Shops:
D:1 [

Annotations:
D:2 Sigmund


Innate Abilities, Weirdness & Mutations

You are too large for most types of armour.
You have claws for hands.
Your natural rate of healing is unusually fast.
You are covered in fur. (AC +1)
You have tough skin. (AC +1)


Message History

Done exploring.
There is a stone staircase leading down here.
You climb downwards.
The frilled lizard hisses angrily.
Found a fizzy silvery potion, a trident and 11 gold pieces.
Found a stone staircase leading up.
There is a stone staircase leading up here.
Found a scroll labelled LAFURI AFOIWA.
You scratch the frilled lizard.
You kill the frilled lizard!
Trog accepts your kill.
l - a fizzy silvery potion
m - a scroll labelled LAFURI AFOIWA You now have 28 gold pieces (gained 11).
There is a stone staircase leading up here.
Found a stone staircase leading down.
Sigmund the Dreaded comes into view.
He is wielding a +0 scythe and wearing a +0 robe of willpower.
Sigmund shouts!
Sigmund gestures wildly while chanting.
Sigmund flickers and vanishes!
Deactivating autopickup; reactivate with Ctrl-A.
There is a stone staircase leading up here.
Something hits you!
You claw something! Your claw misses something. Something hits you!
You barely miss something. You closely miss something.
You hear some strange, mumbled words.
You are confused.
A magic dart appears from out of thin air!
The magic dart hits you!
* * * LOW HITPOINT WARNING * * *
Something hits you.
* * * LOW HITPOINT WARNING * * *
You closely miss something. Something hits you but does no damage.
Something hits you.
* * * LOW HITPOINT WARNING * * *
You feel less confused.
A magic dart appears from out of thin air!
The magic dart hits you.
You die...

##############
##.....##.....##
##..............##
#........).......# ##
#................# ..###
#......<.........#
#...#########................#
..............{.@............#
....#########................#
$...# ##..............## ....#
##.....##.....## ....#
############## ..... #!.## ##.


There were no monsters in sight!

Vanquished Creatures
  A gnoll (D:1)
  An endoplasm (D:1)
  3 goblins (D:1)
  A hobgoblin (D:1)
  A kobold (D:1)
  A quokka (D:1)
  A ball python (D:1)
  A frilled lizard (D:2)
10 creatures vanquished.

Notes
Turn   | Place    | Note
-------+----------+-------------------------------------------
     0 | D:1      | cheesebisquit the Troll Berserker began the quest for the
                  | Orb.
     0 | D:1      | Reached XP level 1. HP: 22/22 MP: 0/0
   155 | D:1      | Reached XP level 2. HP: 28/29 MP: 1/1
   208 | D:1      | Found Ciasel's Armour Shop.
   745 | D:2      | Noticed Sigmund
   773 | D:2      | Killed from afar by Sigmund

Illustrated notes

Levels and vault maps discovered:
D:1:      dpeg_arrival_castle, layout_loops_cross, serial_shops, shop
D:2:      layout_rooms, minmay_strange_pillars, uniq_sigmund

Action                   || total
-------------------------++-------
Melee: Unarmed           ||    23
Armor: Animal skin       ||     2
Dodge: Dodged            ||     4
